% Time on Ice - COLORADO GLACIERCATS
Lines # - Real PCT - Wanted PCT - Time Play
Normal Forward
1 - 32% - 40% - 15:17
2 - 36% - 40% - 17:16
3 - 24% - 15% - 11:38
4 - 7% - 5% - 3:21
Normal Defense
1 - 33% - 40% - 15:50
2 - 35% - 35% - 16:40
3 - 23% - 20% - 10:44
4 - 9% - 5% - 4:18
PP Forward
1 - 82% - 50% - 3:15
2 - 18% - 50% - 0:43
PP Defense
1 - 27% - 50% - 1:04
2 - 73% - 50% - 2:54
PK Forward
1 - 51% - 50% - 4:21
2 - 49% - 50% - 4:09
PK Defense
1 - 66% - 40% - 5:39
2 - 34% - 60% - 2:51
PK3 Forward
1 - 0% - 50%
2 - 0% - 50%
PK3 Defense
1 - 0% - 50%
2 - 0% - 50%
44 Forward
1 - 0% - 50%
2 - 0% - 50%
44 Defense
1 - 0% - 50%
2 - 0% - 50%
Last Minute Offensive  - 0:00
Last Minute Defensive  - 0:00
Total
Forward - 60:00
Defense - 60:00
% Time on Ice - SEATTLE GRUNGE
Lines # - Real PCT - Wanted PCT - Time Play
Normal Forward
1 - 32% - 37% - 15:12
2 - 32% - 33% - 15:26
3 - 25% - 25% - 11:41
4 - 11% - 5% - 5:13
Normal Defense
1 - 36% - 40% - 17:04
2 - 37% - 39% - 17:39
3 - 27% - 21% - 12:49
4 - 0% - 0% - 0:00
PP Forward
1 - 63% - 55% - 5:21
2 - 37% - 45% - 3:09
PP Defense
1 - 61% - 55% - 5:12
2 - 39% - 45% - 3:18
PK Forward
1 - 54% - 55% - 2:09
2 - 46% - 45% - 1:49
PK Defense
1 - 43% - 55% - 1:43
2 - 57% - 45% - 2:15
PK3 Forward
1 - 0% - 55%
2 - 0% - 45%
PK3 Defense
1 - 0% - 55%
2 - 0% - 45%
44 Forward
1 - 0% - 55%
2 - 0% - 45%
44 Defense
1 - 0% - 55%
2 - 0% - 45%
Last Minute Offensive  - 0:00
Last Minute Defensive  - 0:00
Total
Forward - 60:00
Defense - 60:00
Play-by-Play 1st period 0:01 of 1st period - Tomas Hertl wins face-off versus Tyler Seguin in neutral zone. 0:13 of 1st period - Off-side. 0:14 of 1st period - Chris Tierney wins face-off versus Brayden Schenn in neutral zone. 0:14 of 1st period - Chris Tierney is hit by Joonas Donskoi. 1:13 of 1st period - Jake Guentzel is hit by Deryk Engelland and loses puck. 1:29 of 1st period - Minor Penalty to Scott Laughton for Hooking. 1:30 of 1st period - Tomas Hertl wins face-off versus Tyler Seguin in COLORADO GLACIERCATS zone. 1:30 of 1st period - Tomas Hertl is hit by Jake Guentzel. 1:52 of 1st period - Shot by Roman Josi. 1:52 of 1st period - Stopped by Darcy Kuemper without a rebound. 1:53 of 1st period - Chris Tierney wins face-off versus Luke Glendening in COLORADO GLACIERCATS zone. 1:54 of 1st period - Shot by Vladislav Namestnikov. 1:54 of 1st period - Stopped by Darcy Kuemper without a rebound. 1:55 of 1st period - Tomas Hertl wins face-off versus Chris Tierney in COLORADO GLACIERCATS zone. 2:13 of 1st period - Shot by Josh Bailey. 2:13 of 1st period - Stopped by Darcy Kuemper without a rebound. 2:14 of 1st period - Tomas Hertl wins face-off versus Tyler Seguin in COLORADO GLACIERCATS zone. 2:23 of 1st period - Shot by Jake Guentzel. 2:23 of 1st period - Deflect By Tyler Seguin. 2:23 of 1st period - Stopped by Darcy Kuemper without a rebound. 2:24 of 1st period - Tyler Seguin wins face-off versus Luke Glendening in COLORADO GLACIERCATS zone. 2:47 of 1st period - Shot by Tyler Seguin. 2:47 of 1st period - Shot Blocked by Ryan Ellis. 3:46 of 1st period - Icing by Deryk Engelland. 3:47 of 1st period - Cole Bardreau wins face-off versus Chris Tierney in COLORADO GLACIERCATS zone. 3:47 of 1st period - Cole Bardreau is hit by Wayne Simmonds. 4:03 of 1st period - Shot by Ross Johnston. 4:03 of 1st period - Shot Misses the Net. 4:04 of 1st period - Minor Penalty to Ross Johnston for Holding. 4:05 of 1st period - Tomas Hertl wins face-off versus Chris Tierney in COLORADO GLACIERCATS zone. 4:38 of 1st period - Shot by Vladislav Namestnikov. 4:38 of 1st period - Shot Blocked by Luke Glendening. 4:42 of 1st period - Shot by Vladislav Namestnikov. 4:42 of 1st period - Shot Misses the Net. 4:44 of 1st period - Shot by Travis Sanheim. 4:44 of 1st period - Shot Blocked by Deryk Engelland. 6:02 of 1st period - Shot by Vladislav Namestnikov. 6:02 of 1st period - Stopped by Darcy Kuemper with a rebound. 6:20 of 1st period - Shot by Morgan Geekie. 6:20 of 1st period - Shot Misses the Net. 6:22 of 1st period - Shot by Slater Koekkoek. 6:22 of 1st period - Goal by Slater Koekkoek - COLORADO GLACIERCATS : 0 - SEATTLE GRUNGE : 1. 6:23 of 1st period - Luke Glendening wins face-off versus Jason Spezza in neutral zone. 6:51 of 1st period - Shot by Sam Gagner. 6:51 of 1st period - Shot Misses the Net. 6:53 of 1st period - Shot by Joel Edmundson. 6:53 of 1st period - Shot Misses the Net. 6:55 of 1st period - Shot by Joel Edmundson. 6:55 of 1st period - Shot Blocked by Matthew Grzelcyk. 7:35 of 1st period - Shot by Leon Draisaitl. 7:35 of 1st period - Goal by Leon Draisaitl - COLORADO GLACIERCATS : 1 - SEATTLE GRUNGE : 1. 7:36 of 1st period - Wayne Simmonds wins face-off versus Joonas Donskoi in neutral zone. 8:06 of 1st period - Shot by Wayne Simmonds. 8:06 of 1st period - Shot Misses the Net. 8:08 of 1st period - Shot by Wayne Simmonds. 8:08 of 1st period - Stopped by Darcy Kuemper without a rebound. 8:09 of 1st period - Tyler Seguin wins face-off versus Tomas Hertl in COLORADO GLACIERCATS zone. 8:25 of 1st period - Mike Hoffman is hit by Joel Edmundson and loses puck. 9:34 of 1st period - Shot by Brayden Schenn. 9:34 of 1st period - Stopped by Semyon Varlamov with a rebound. 9:44 of 1st period - Shot by Jake Guentzel. 9:44 of 1st period - Stopped by Darcy Kuemper with a rebound. 10:11 of 1st period - Brayden Schenn is hit by Slater Koekkoek and loses puck. 10:31 of 1st period - Shot by Josh Bailey. 10:31 of 1st period - Deflect By Wayne Simmonds. 10:31 of 1st period - Shot Misses the Net. 11:08 of 1st period - Icing by Devon Toews. 11:09 of 1st period - Brayden Schenn wins face-off versus Tyler Seguin in COLORADO GLACIERCATS zone. 11:21 of 1st period - Off-side. 11:22 of 1st period - Tomas Hertl wins face-off versus Jason Spezza in neutral zone. 11:30 of 1st period - Minor Penalty to Travis Sanheim for Slashing. 11:31 of 1st period - Morgan Geekie wins face-off versus Tomas Hertl in SEATTLE GRUNGE zone. 12:16 of 1st period - Damon Severson is hit by Sam Gagner and loses puck. 13:41 of 1st period - Shot by Brayden Schenn. 13:41 of 1st period - Deflect By Cole Bardreau. 13:41 of 1st period - Stopped by Semyon Varlamov with a rebound. 13:43 of 1st period - Shot by Cole Bardreau. 13:43 of 1st period - Deflect By Brayden Schenn. 13:43 of 1st period - Shot Misses the Net. 13:45 of 1st period - Shot by Cole Bardreau. 13:45 of 1st period - Shot Misses the Net. 13:47 of 1st period - Shot by Johnny Boychuk. 13:47 of 1st period - Stopped by Semyon Varlamov without a rebound. 13:48 of 1st period - Brayden Schenn wins face-off versus Tyler Seguin in SEATTLE GRUNGE zone. 13:49 of 1st period - Shot by Joonas Donskoi. 13:49 of 1st period - Stopped by Semyon Varlamov without a rebound. 13:50 of 1st period - Chris Tierney wins face-off versus Brayden Schenn in SEATTLE GRUNGE zone. 14:08 of 1st period - Shot by Scott Laughton. 14:08 of 1st period - Deflect By Brayden Schenn. 14:08 of 1st period - Shot Misses the Net. 15:47 of 1st period - Shot by Tomas Hertl. 15:47 of 1st period - Stopped by Semyon Varlamov without a rebound. 15:48 of 1st period - Morgan Geekie wins face-off versus Sam Gagner in SEATTLE GRUNGE zone. 17:23 of 1st period - Icing by Devon Toews. 17:24 of 1st period - Tomas Hertl wins face-off versus Tyler Seguin in COLORADO GLACIERCATS zone. 17:40 of 1st period - Ryan Ellis is hit by Damon Severson and loses puck. 17:45 of 1st period - Shot by Brayden Schenn. 17:45 of 1st period - Stopped by Semyon Varlamov without a rebound. 17:46 of 1st period - Jason Spezza wins face-off versus Brayden Schenn in SEATTLE GRUNGE zone. 18:14 of 1st period - Shot by Carl Hagelin. 18:14 of 1st period - Stopped by Darcy Kuemper with a rebound. 18:25 of 1st period - Off-side. 18:26 of 1st period - Tyler Seguin wins face-off versus Luke Glendening in neutral zone. 18:37 of 1st period - Shot by Vladislav Namestnikov. 18:37 of 1st period - Shot Misses the Net. 19:04 of 1st period - Minor Penalty to Zach Aston-Reese for Tripping. 19:05 of 1st period - Tomas Hertl wins face-off versus Chris Tierney in COLORADO GLACIERCATS zone. 19:05 of 1st period - Tomas Hertl is hit by Chris Tierney. 19:44 of 1st period - Shot by Josh Bailey. 19:44 of 1st period - Shot Misses the Net. Goals for this period are 1 for COLORADO GLACIERCATS vs 1 for SEATTLE GRUNGE. Shots for this period are 7 for COLORADO GLACIERCATS vs 9 for SEATTLE GRUNGE. 2nd period 0:01 of 2nd period - Tyler Seguin wins face-off versus Tomas Hertl in neutral zone. 0:32 of 2nd period - Shot by Jake Guentzel. 0:32 of 2nd period - Deflect By Mike Hoffman. 0:32 of 2nd period - Shot Misses the Net. 0:57 of 2nd period - Ryan Ellis is hit by Travis Sanheim and loses puck. 1:08 of 2nd period - Shot by Morgan Geekie. 1:08 of 2nd period - Shot Misses the Net. 1:12 of 2nd period - Shot by Marcus Sorensen. 1:12 of 2nd period - Stopped by Darcy Kuemper without a rebound. 1:13 of 2nd period - Chris Tierney wins face-off versus Dustin Brown in COLORADO GLACIERCATS zone. 1:14 of 2nd period - Shot by Wayne Simmonds. 1:14 of 2nd period - Shot Blocked by Devon Toews. 1:38 of 2nd period - Shot by Dustin Brown. 1:38 of 2nd period - Deflect By Leon Draisaitl. 1:38 of 2nd period - Shot Misses the Net. 2:07 of 2nd period - Leon Draisaitl is hit by Slater Koekkoek and loses puck. 2:37 of 2nd period - Shot by Morgan Geekie. 2:37 of 2nd period - Deflect By Trevor Lewis. 2:37 of 2nd period - Shot Misses the Net. 3:09 of 2nd period - Shot by Tyler Seguin. 3:09 of 2nd period - Stopped by Darcy Kuemper without a rebound. 3:10 of 2nd period - Brayden Schenn wins face-off versus Jason Spezza in COLORADO GLACIERCATS zone. 3:23 of 2nd period - Shot by Jake Guentzel. 3:23 of 2nd period - Stopped by Darcy Kuemper without a rebound. 3:24 of 2nd period - Luke Glendening wins face-off versus Tyler Seguin in COLORADO GLACIERCATS zone. 4:17 of 2nd period - Icing by Johnny Boychuk. 4:18 of 2nd period - Luke Glendening wins face-off versus Carl Hagelin in COLORADO GLACIERCATS zone. 4:45 of 2nd period - Shot by Jake Guentzel. 4:45 of 2nd period - Stopped by Darcy Kuemper with a rebound. 4:49 of 2nd period - Shot by Jake Guentzel. 4:49 of 2nd period - Stopped by Darcy Kuemper without a rebound. 4:50 of 2nd period - Chris Tierney wins face-off versus Cole Bardreau in COLORADO GLACIERCATS zone. 4:57 of 2nd period - Shot by Wayne Simmonds. 4:57 of 2nd period - Stopped by Darcy Kuemper with a rebound. 4:59 of 2nd period - Shot by Wayne Simmonds. 4:59 of 2nd period - Stopped by Darcy Kuemper without a rebound. 5:00 of 2nd period - Chris Tierney wins face-off versus Brayden Schenn in COLORADO GLACIERCATS zone. 6:15 of 2nd period - Johnny Boychuk is hit by Tyler Seguin and loses puck. 6:28 of 2nd period - Shot by Dustin Brown. 6:28 of 2nd period -